AoeStats
← estebanlozanop

Black Forest

510612689Analyzed
4v4 RM · 2d ago on Oct 1, 2026· 53m 14s· 8 players
Game mode
Random Map
Map size
Large (8 player)
Population
200
Speed
Normal
Resources
Standard
Victory
Conquest
Starting age
Dark Age
Ending age
Imperial Age
RankedLock teamsTeams togetherTeam positionsShared explorationLock speedFull tech treeHidden civsTurbo modeCheats
Victory
Defeat
🇫🇷 Italians · France
973
+15
🇫🇷 Khmer · France
926
+17
🇫🇷 Celts · France
782
+56
🇫🇷 Hindustanis · France
755
+24
🇩🇪 Saxons · Germany
967
-21
🇦🇷 Franks · Argentina
947
-20
🇨🇴 Huns · Colombia
918
-19
🇨🇴 Goths · Colombia
900
-18
estebanlozanop
0:26 Loom
12:27 Feudal Age
13:50 Wheelbarrow
18:34 Castle Age
26:53 Double-Bit Axe
26:51 Horse Collar
32:47 Imperial Age
30:57 Caravan
32:09 Bow Saw
32:53 Forging
32:48 Squires
33:50 Conscription
32:52 Elite Huskarl
33:37 Scale Mail Armor
33:54 Hand Cart
35:07 Two-Man Saw
34:12 Fishing Lines
34:53 Anarchy
35:16 Chain Mail Armor
35:26 Perfusion
35:32 Heavy Plow
35:25 Gold Mining
35:29 Stone Mining
37:02 Iron Casting
37:23 Treadmill Crane
39:49 Blast Furnace
40:05 Clinker Construction
39:48 Gillnets
50:11 Chemistry
49:32 Ballistics
El Gran Pavka
12:06 Feudal Age
14:00 Loom
16:46 Castle Age
14:45 Double-Bit Axe
15:02 Horse Collar
17:01 Forging
16:57 Scale Barding Armor
20:47 Arson
21:35 Heavy Plow
26:29 Wheelbarrow
26:22 Caravan
27:28 Bow Saw
29:33 Hand Cart
33:04 Imperial Age
31:11 Husbandry
31:22 Bloodlines
31:55 Iron Casting
31:46 Chain Barding Armor
31:31 Scale Mail Armor
32:34 Squires
31:55 Pikeman
33:08 Marauders
33:07 Town Watch
35:00 Two-Man Saw
33:31 Halberdier
33:48 Elite Tarkan
34:49 Conscription
35:02 Atheism
35:19 Cavalier
Chronepsis
1:11 Loom
1:17 Loom
14:30 Feudal Age
15:14 Arson
15:48 Fishing Lines
16:51 Man-at-Arms
20:50 Castle Age
21:40 Stone Mining
22:02 Double-Bit Axe
22:30 Gambesons
22:05 Long Swordsman
22:47 Squires
23:27 Gillnets
23:23 Horse Collar
25:10 Scale Mail Armor
25:20 Forging
26:03 Bow Saw
29:25 Caravan
32:30 Imperial Age
32:39 Imperial Age
31:49 Iron Casting
31:29 Chain Mail Armor
33:46 Conscription
34:22 Onager
34:41 Two-Handed Swordsman
36:35 Heavy Plow
36:54 Chain Mail Armor
36:36 Champion
41:14 Thumb Ring
40:29 Crossbowman
41:46 Shield Wall
41:56 Elite Hearth Troop
43:17 Fletching
43:28 Padded Archer Armor
43:58 Plate Mail Armor
43:21 Arbalester
44:10 Elite Varangian Guard
45:06 Elite Skirmisher
45:46 Bodkin Arrow
46:07 Leather Archer Armor
Guigui
12:08 Feudal Age
17:09 Castle Age
15:33 Double-Bit Axe
19:44 Bow Saw
27:18 Imperial Age
26:05 Wheelbarrow
26:29 Stone Mining
26:30 Gold Mining
28:12 Hand Cart
28:21 Ordonnance Companies
30:26 Fletching
32:44 Chemistry
31:48 Elite Throwing Axeman
33:43 Caravan
35:19 Bodkin Arrow
46:21 Loom
Guigui
0:29 Loom
12:49 Feudal Age
17:02 Castle Age
14:46 Horse Collar
14:55 Double-Bit Axe
18:37 Heavy Plow
20:07 Wheelbarrow
27:38 Hand Cart
28:09 Bow Saw
30:52 Imperial Age
29:11 Gold Mining
30:53 Forging
30:48 Scale Barding Armor
31:06 Ballistics
31:53 Gold Shaft Mining
32:00 Town Watch
32:49 Crop Rotation
33:05 Conscription
32:48 Double Crossbow
33:28 Bloodlines
33:18 Husbandry
34:02 Chain Barding Armor
34:17 Iron Casting
35:25 Chemistry
34:17 Heavy Scorpion
35:37 Plate Barding Armor
34:29 Light Cavalry
34:53 Elite Battle Elephant
36:31 Caravan
36:45 Tusk Swords
38:56 Siege Engineers
39:01 Stone Mining
38:44 Light Cavalry
40:25 Hussar
42:45 Hoardings
44:14 Blast Furnace
42:55 Capped Ram
44:02 Siege Ram
Tioseb26
0:31 Loom
15:55 Feudal Age
16:53 Fishing Lines
20:33 Castle Age
18:54 Double-Bit Axe
19:21 Horse Collar
23:44 Bow Saw
24:19 Heavy Plow
25:36 Wheelbarrow
30:29 Imperial Age
28:25 Gillnets
29:29 Hand Cart
30:18 Fletching
30:48 Caravan
31:21 Silk Road
31:25 Ballistics
34:21 Two-Man Saw
33:55 Crop Rotation
34:28 Chemistry
33:25 Murder Holes
33:40 Masonry
35:31 Pirotechnia
34:44 Elite Genoese Crossbowman
36:12 Thumb Ring
40:16 Bodkin Arrow
40:22 Padded Archer Armor
39:59 Elite Skirmisher
43:26 Bracer
43:42 Leather Archer Armor
43:35 Elite Skirmisher
Sky
1:48 Loom
15:20 Feudal Age
16:41 Wheelbarrow
18:08 Town Watch
18:33 Gold Mining
22:44 Castle Age
20:52 Double-Bit Axe
20:52 Horse Collar
22:05 Stone Mining
24:21 Hand Cart
29:48 Stone Shaft Mining
32:15 Bow Saw
34:00 Heavy Plow
37:58 Imperial Age
36:19 Forging
35:59 Fletching
36:10 Padded Archer Armor
37:04 Scale Barding Armor
37:43 Squires
37:04 Man-at-Arms
38:18 Ballistics
38:11 Masonry
37:30 Elite Skirmisher
38:33 Long Swordsman
40:37 Onager
42:42 Chemistry
43:01 Iron Casting
42:42 Leather Archer Armor
42:23 Bodkin Arrow
42:49 Chain Barding Armor
42:30 Scale Mail Armor
44:09 Caravan
45:17 Conscription
45:04 Shatagni
45:05 Grand Trunk Road
45:46 Two-Handed Swordsman
52:45 Heavy Camel Rider
53:26 Husbandry
53:37 Bloodlines
cr
12:09 Feudal Age
14:19 Horse Collar
14:34 Double-Bit Axe
16:56 Wheelbarrow
21:49 Castle Age
25:40 Heavy Plow
28:01 Bow Saw
27:45 Gold Mining
29:36 Caravan
30:07 Hand Cart
30:40 Town Watch
30:41 Loom
32:19 Forging
31:59 Fletching
34:48 Imperial Age
34:27 Ballistics
34:17 Masonry
36:19 Gold Shaft Mining
36:55 Chemistry
35:41 Arrowslits
36:02 Town Patrol
36:43 Furor Celtica
36:27 Stronghold
36:46 Heavy Scorpion
39:02 Bodkin Arrow
39:38 Onager
41:47 Siege Onager
43:55 Iron Casting
46:13 Elite Woad Raider
47:17 Conscription
47:35 Hoardings
46:33 Sappers
52:04 Coinage
51:44 Guilds
51:41 Scale Barding Armor
51:37 Scale Mail Armor
51:37 Padded Archer Armor
52:38 Blast Furnace
51:45 Man-at-Arms
52:10 Gambesons
51:45 Pikeman
52:11 Arson
52:31 Heated Shot
52:52 Fortified Wall
52:37 Murder Holes
52:48 Siege Engineers
52:53 Careening
52:54 Clinker Construction
52:35 Guard Tower
53:06 Shipwright
53:09 Chain Barding Armor
53:23 Coinage
53:04 Guilds
Connection lost

Rejoining the realm…

Still unreachable

The connection could not be restored.

Session expired

The server has moved on; the page needs a fresh start.